 Dungeon Crawl Stone Soup version 0.31-a0-182-gc5ef74bbde (webtiles) character file.

Game seed: 8003578347797686517

1659 qw the Cleaver (level 9, -10/55 HPs)
             Began as a Gargoyle Fighter on June 20, 2023.
             Was an Initiate of Okawaru.
             Hit by a large rock thrown by a cyclops (22 damage)
             ... on level 7 of the Dungeon.
             The game lasted 00:02:55 (5030 turns).

qw the Cleaver (Gargoyle Fighter)                   Turns: 5030, Time: 00:02:55

Health: -10/55     AC: 25    Str: 23 (24) XL:     9   Next: 0%
Magic:  8/10       EV:  8    Int:  9      God:    Okawaru [......]
Gold:   391        SH: 10    Dex:  9      Spells: 8/8 levels left

rFire   . . .        Y - +0 war axe (flame)
rCold   . . .        c - +0 buckler
rNeg    + . .        o - +0 plate armour
rPois   inf          a - +0 helmet
rElec   +            l - +0 cloak
rCorr   .            g - +0 pair of gloves
SInv    +            (no boots)
Will    .....        h - amulet of reflection Stlth
                     m - ring of see invisible
HPRegen 0.29/turn    (no ring)
MPRegen 0.12/turn

%: reflection
@: heroic
A: sickness immunity, AC +6, negative energy resistance 1, electricity
resistance, torment resistance 1, petrification resistance
a: Renounce Religion


You were on level 7 of the Dungeon.
You worshipped Okawaru.
Okawaru was noncommittal.
You visited 2 branches of the dungeon, and saw 8 of its levels.

You collected 436 gold pieces.
You spent 45 gold pieces at shops.


Innate Abilities, Weirdness & Mutations

You are immune to sickness and miasma.
Your stone body is resilient. (AC +6)
You are immune to poison.
You resist negative energy. (rN+)
You are resistant to electric shocks. (rElec)
You are resistant to unholy torment.
You are immune to petrification.


   Skills:
 - Level 6.0(11.0) Fighting
 + Level 8.0(13.0) Axes
 - Level 6.1(11.1) Armour
 - Level 1.0(6.0) Dodging
 - Level 3.2(8.2) Shields
 + Level 2.0 Invocations


You had 8 spell levels left.
You didn't know any spells.
Your spell library was empty.

Inventory:

Hand Weapons
 Y - a +0 war axe of flaming (weapon)
Armour
 a - a +0 helmet (worn)
 c - a +0 buckler (worn)
 g - a +0 pair of gloves (worn)
 l - a +0 cloak (worn)
 o - a +0 plate armour (worn)
Jewellery
 h - an amulet of reflection (around neck)
 m - a ring of see invisible (left hand)
Wands
 r - a wand of digging (9)
Scrolls
 q - a scroll of identify
Potions
 b - a potion of enlightenment {unknown}
 d - a potion of might
 i - a potion of heal wounds {unknown}
 j - 7 potions of curing
 k - 3 potions of attraction {unknown}
 n - a potion of resistance {unknown}

Dungeon Overview and Level Annotations

Branches:
Dungeon (7/15)             Temple (1/1) D:4

Altars:
Ashenzari
Cheibriados
Dithmenos
Elyvilon
Fedhas
Gozag
Hepliaklqana
Kikubaaqudgha
Makhleb
Okawaru
Qazlal
Ru
Sif Muna
Trog
Uskayaw
Vehumet
Wu Jian
Xom
Yredelemnul
Zin
The Shining One

Shops:
D:4 *


Message History

The shadow flickers and vanishes for a moment.
You barely miss the shadow.
The shadow is severely damaged.
You hit the kobold brigand. You burn the kobold brigand.
The kobold brigand hits you but does no damage.
The shadow hits you.
A cyclops comes into view.
You barely miss the shadow.
The shadow is severely damaged.
You completely miss the kobold brigand.
The kobold brigand hits you but does no damage.
The shadow slips into darkness.
The shadow flickers and vanishes for a moment.
The kobold brigand completely misses you.
The shadow hits you.
You barely miss the shadow.
The shadow is severely damaged.
You closely miss the kobold brigand. The shadow hits you.
The kobold brigand barely misses you.
You slash the shadow! You burn the shadow.
You destroy the shadow!
Okawaru accepts your kill.
You hit the kobold brigand. You burn the kobold brigand.
The kobold brigand hits you with a +0 short sword.
You feel your dexterity returning.
Your Armour skill increases to level 5!
You slash the kobold brigand! You burn the kobold brigand.
You kill the kobold brigand!
Okawaru accepts your kill.
You can now gain great but temporary skills.
Your Armour skill increases to level 6!
You have reached level 9!
Your experience leads to an increase in your attributes!
Your base attributes are Str 22, Int 9, Dex 9.
Increase (S)trength, (I)ntelligence, or (D)exterity?
You feel stronger. x2
5030 ||| INVOKING Heroism.
You gain the combat prowess of a mighty hero.
You can no longer gain great but temporary skills.
The cyclops throws a large rock.
The large rock hits you!!
You die...

## K#
#.
.##
##.C#
#.#)#
#.@#
##..#
.#.#
#. ##
##


You could see a cyclops.

Vanquished Creatures
  A shadow (D:7)
  Sigmund (D:3)
  A water moccasin (D:5)
  An orc warrior (D:6)
  A centaur (D:5)
  A kobold brigand (D:7)
  A scorpion (D:4)
  A howler monkey (D:5)
  2 hounds
  4 jellies
  A gnoll bouda (D:6)
  3 orc priests
  Jessica (D:2)
  2 sleepcaps
  Terence (D:3)
  3 iguanas
  2 orc wizards
  Robin (D:2)
  13 gnolls
  11 adders
  A worm (D:5)
  A dart slug (D:2)
  28 orcs
  5 ball pythons
  6 endoplasms
  2 giant cockroaches
  14 goblins
  11 hobgoblins
  3 jackals (D:2)
  3 quokkas
  7 bats
  7 frilled lizards
  5 kobolds
  4 rats
149 creatures vanquished.

Notes
Turn   | Place    | Note
-------+----------+-------------------------------------------
     0 | D:1      | qw the Gargoyle Fighter began the quest for the Orb.
     0 | D:1      | Reached XP level 1. HP: 14/14 MP: 1/1
     0 | D:1      | 0 ||| qw: Version: 0.3-a-9-g12657ce
     0 | D:1      | 0 ||| qw: Game counter: 1511
     0 | D:1      | 0 ||| qw: Always use a shield: true
     0 | D:1      | 0 ||| qw: God list: Okawaru
     0 | D:1      | 0 ||| qw: Allow faded altars: false
     0 | D:1      | 0 ||| qw: Do Orc after D:15 true
     0 | D:1      | 0 ||| qw: Do second Lair branch before Depths: true
     0 | D:1      | 0 ||| qw: Lair rune preference: random
     0 | D:1      | 0 ||| qw: Plans: Normal, Zot:1-4, Slime:5, God:TSO, Crypt,
                  | Tomb, Abyss, Pan, Hells, Win
     0 | D:1      | 0 ||| PLANNING D:1-11
   151 | D:1      | Reached skill level 2 in Axes
   155 | D:1      | Reached XP level 2. HP: 19/19 MP: 2/2
   372 | D:1      | 372 ||| DROPPING +0 club.
   459 | D:1      | 459 ||| Stepping ~*~*~tactically~*~*~ (stealth).
   561 | D:1      | 561 ||| UPGRADING to +0 pair of gloves.
   566 | D:1      | 566 ||| UPGRADING to amulet of reflection.
   571 | D:1      | 571 ||| READING scroll labelled GEQIPL KIGOR.
   575 | D:1      | 575 ||| READING scroll labelled BADGHE HUCO.
   576 | D:1      | 576 ||| DRINKING 2 sedimented clear potions.
   596 | D:2      | Noticed Jessica
   598 | D:2      | Killed Jessica
   599 | D:2      | Reached skill level 3 in Axes
   599 | D:2      | Reached XP level 3. HP: 23/23 MP: 3/3
   702 | D:2      | Reached XP level 4. HP: 26/28 MP: 4/4
   757 | D:2      | Noticed Robin
   764 | D:2      | Reached skill level 4 in Axes
   770 | D:2      | Killed Robin
   821 | D:2      | 821 ||| Stepping ~*~*~tactically~*~*~ (stealth).
   857 | D:2      | 857 ||| Stepping ~*~*~tactically~*~*~ (stealth).
   859 | D:2      | 859 ||| Stepping ~*~*~tactically~*~*~ (stealth).
   861 | D:2      | 861 ||| Stepping ~*~*~tactically~*~*~ (hiding).
   880 | D:2      | Reached XP level 5. HP: 29/32 MP: 5/5
   896 | D:2      | 896 ||| DROPPING +0 whip.
  1026 | D:2      | Identified the +0 robe of the Forest {Drain rElec Will+
                  | Str+2}
  1046 | D:2      | Found a faded altar of an unknown god.
  1458 | D:2      | 1458 ||| UPGRADING to +0 helmet.
  1463 | D:2      | 1463 ||| READING scroll labelled TUMUFR LUOLOA.
  1464 | D:2      | 1464 ||| READING scroll labelled DAYSIXO INYUS.
  1497 | D:3      | Noticed Sigmund
  1504 | D:3      | Killed Sigmund
  1505 | D:3      | Reached skill level 6 in Axes
  1505 | D:3      | Reached XP level 6. HP: 32/37 MP: 6/6
  1663 | D:3      | 1663 ||| Stepping ~*~*~tactically~*~*~ (stealth).
  1666 | D:3      | 1666 ||| Stepping ~*~*~tactically~*~*~ (hiding).
  1667 | D:3      | 1667 ||| Stepping ~*~*~tactically~*~*~ (hiding).
  1668 | D:3      | 1668 ||| Stepping ~*~*~tactically~*~*~ (hiding).
  1903 | D:3      | Noticed Terence
  1912 | D:3      | Killed Terence
  1913 | D:3      | Reached skill level 1 in Dodging
  1918 | D:3      | Found a hazy altar of Hepliaklqana.
  2074 | D:3      | 2074 ||| DROPPING amulet of regeneration.
  2075 | D:3      | 2075 ||| READING scroll labelled WOIHACZAXKA.
  2076 | D:3      | 2076 ||| READING scroll labelled GUENTI JEICKUU.
  2077 | D:3      | 2077 ||| DRINKING 2 clear potions.
  2078 | D:3      | 2078 ||| DROPPING potion of brilliance.
  2119 | D:4      | Reached XP level 7. HP: 27/43 MP: 7/7
  2342 | D:4      | 2342 ||| Stepping ~*~*~tactically~*~*~ (stealth).
  2358 | D:4      | Found Mucabom's Neck Hole.
  2367 | D:4      | 2367 ||| BUYING +0 cloak (45 gold).
  2367 | D:4      | Bought a +0 cloak for 45 gold pieces
  2367 | D:4      | 2367 ||| SHOPLISTING amulet of faith (400 gold, have 222).
  2367 | D:4      | 2367 ||| SHOPLISTING scarf of resistance (320 gold, have
                  | 222).
  2445 | D:4      | 2445 ||| Stepping ~*~*~tactically~*~*~ (hiding).
  2549 | D:4      | Reached skill level 7 in Axes
  2667 | D:4      | 2667 ||| Stepping ~*~*~tactically~*~*~ (stealth).
  2753 | D:4      | Found a staircase to the Ecumenical Temple.
  2754 | D:4      | 2754 ||| PLANNING TEMPLE
  2754 | D:4      | 2754 ||| UPGRADING to +0 chain mail.
  2764 | D:4      | 2764 ||| DROPPING +0 scale mail.
  2765 | D:4      | 2765 ||| UPGRADING to +0 cloak.
  2770 | D:4      | 2770 ||| DROPPING ring of wizardry.
  2771 | D:4      | 2771 ||| READING scroll labelled RIGHER QEDI.
  2777 | Temple   | Entered the Ecumenical Temple
  2856 | Temple   | 2856 ||| PLANNING OKAWARU WORSHIP
  2871 | Temple   | Became a worshipper of Warmaster Okawaru
  2872 | Temple   | 2872 ||| PLANNING D:1-11
  3023 | D:4      | 3023 ||| READING scroll labelled HIWNOFESSI.
  3061 | D:5      | Entered Level 5 of the Dungeon
  3168 | D:5      | HP: 8/44 [orc/the +7 lajatang of Order {silver, rMut} (12)]
  3189 | D:5      | 3189 ||| FLEEEEING.
  3190 | D:5      | 3190 ||| FLEEEEING.
  3195 | D:5      | 3195 ||| FLEEEEING.
  3196 | D:5      | 3196 ||| FLEEEEING.
  3197 | D:5      | 3197 ||| FLEEEEING.
  3201 | D:5      | 3201 ||| FLEEEEING.
  3202 | D:5      | 3202 ||| FLEEEEING.
  3203 | D:5      | 3203 ||| FLEEEEING.
  3205 | D:5      | 3205 ||| STAIRDANCE
  3303 | D:4      | 3303 ||| DRINKING 2 fuming ruby potions.
  3304 | D:4      | 3304 ||| DROPPING potion of degeneration.
  3456 | D:5      | 3456 ||| Stepping ~*~*~tactically~*~*~ (stealth).
  3472 | D:5      | Reached XP level 8. HP: 33/49 MP: 8/8
  3476 | D:5      | 3476 ||| FLEEEEING.
  3485 | D:5      | 3485 ||| FLEEEEING.
  3486 | D:5      | 3486 ||| FLEEEEING.
  3487 | D:5      | 3487 ||| FLEEEEING.
  3488 | D:5      | 3488 ||| FLEEEEING.
  3491 | D:5      | 3491 ||| FLEEEEING.
  3492 | D:5      | 3492 ||| FLEEEEING.
  3493 | D:5      | 3493 ||| STAIRDANCE
  3530 | D:4      | 3530 ||| DROPPING orb of energy.
  3539 | D:5      | 3539 ||| STAIRDANCE
  3586 | D:4      | 3586 ||| UPGRADING to ring of see invisible.
  3772 | D:5      | Reached * piety under Okawaru
  4000 | D:6      | 4000 ||| Stepping ~*~*~tactically~*~*~ (hiding).
  4009 | D:6      | 4009 ||| INVOKING Heroism.
  4015 | D:6      | Reached skill level 1 in Invocations
  4022 | D:6      | 4022 ||| INVOKING Heroism.
  4280 | D:6      | 4280 ||| INVOKING Heroism.
  4335 | D:6      | Reached skill level 8 in Axes
  4351 | D:6      | 4351 ||| Stepping ~*~*~tactically~*~*~ (hiding).
  4370 | D:6      | Found a shimmering blue altar of Sif Muna.
  4379 | D:6      | 4379 ||| Stepping ~*~*~tactically~*~*~ (stealth).
  4383 | D:6      | Found a bloodstained altar of Trog.
  4459 | D:6      | 4459 ||| SWAPPING to +0 war axe of flaming.
  4460 | D:6      | 4460 ||| DROPPING +0 morningstar.
  4461 | D:6      | 4461 ||| DROPPING +0 war axe.
  4729 | D:6      | Found a sacrificial altar of Ru.
  4729 | D:6      | Found a shimmering altar of Xom.
  4819 | D:6      | 4819 ||| INVOKING Heroism.
  4831 | D:6      | Reached skill level 6 in Fighting
  4885 | D:6      | 4885 ||| UPGRADING to +0 plate armour.
  4895 | D:6      | 4895 ||| DROPPING +0 chain mail.
  4896 | D:6      | 4896 ||| READING scroll labelled GIS WOISAMYTZ.
  4995 | D:7      | 4995 ||| INVOKING Heroism.
  5016 | D:7      | HP: 11/51 [orc warrior/+0 trident (4)]
  5017 | D:7      | 5017 ||| READING scroll of teleportation.
  5020 | D:7      | 5020 ||| Stepping ~*~*~tactically~*~*~ (hiding).
  5020 | D:7      | Noticed a shadow
  5025 | D:7      | Noticed a cyclops
  5028 | D:7      | Killed a shadow
  5028 | D:7      | HP: 11/51 [kobold brigand/+0 short sword (2)]
  5030 | D:7      | Reached skill level 6 in Armour
  5030 | D:7      | Reached XP level 9. HP: 12/55 MP: 10/10
  5030 | D:7      | 5030 ||| INVOKING Heroism.
  5030 | D:7      | Hit by a large rock thrown by a cyclops

Levels and vault maps discovered:
D:1:      onia_arrival_mini_maze_b, layout_rooms
D:2:      layout_basic, dreamdust_ecumenical_altar_angels_and_demons,
          uniq_jessica, uniq_robin
D:3:      layout_rooms, lemuel_round_altar, uniq_terence, uniq_sigmund
D:4:      layout_rooms, minmay_temple_entry_fiery, serial_bayou_pond_a,
          grunt_decor_one_mirror, nicolae_shop_sticking_my_neck_out
D:5:      corexii_shack_village, layout_loops_ring
D:6:      layout_basic, nzn_overflow_gifts_of_might_and_magic,
          chequers_temple_overflow_statue_of_worship, serial_corexii_hall,
          corexii_hall_statues_deadend, corexii_hall_statues_deadend
D:7:      layout_loops_ring, minmay_manual_macuahuitl
Temple:   lightli_temple_of_artemis

Skill      XL: |  1  2  3  4  5  6  7  8 |
---------------+-------------------------+-----
Axes           | 2 3 4 6 7 8 |  8.0
Fighting       | 4 5 6 |  6.0
Dodging        | 1 |  1.0
Armour         | 4 6 |  6.1
Invocations    | 2 |  2.0
Shields        | |  3.2

Action                     |  1- 3 |  4- 6 |  7- 9 || total
---------------------------+-------+-------+-------++-------
  Melee: War axe           |    59 |   153 |   276 ||   488
 Invoke: Heroism           |       |       |     6 ||     6
    Use: Scroll            |     2 |     4 |     4 ||    10
         Potion            |     1 |     1 |     1 ||     3
 Armour: Scale mail        |    27 |    64 |    17 ||   108
         Chain mail        |       |       |   101 ||   101
         Plate armour      |       |       |    25 ||    25
  Dodge: Dodged            |    22 |    55 |    85 ||   162
  Block: Buckler           |    19 |    82 |   142 ||   243
         Reflection        |       |       |     4 ||     4

Table legend:
 A = Non-vault XP
 B = Vault XP
 C = Vault XP percentage of total XP
 D = Non-vault monster count
 E = Vault monster count
 F = Vault count percentage of total count
                 A         B        C        D         E       F
            +---------+---------+-------+---------+---------+-------
      Total |    1519 |     851 |  35.9 |     115 |      34 |  22.8
            +---------+---------+-------+---------+---------+-------
        D:1 |      26 |       1 |   3.7 |      17 |       1 |   5.6
        D:2 |     121 |      75 |  38.3 |      25 |      14 |  35.9
        D:3 |     109 |     250 |  69.6 |      15 |       2 |  11.8
        D:4 |     405 |       0 |   0.0 |      24 |       0 |   0.0
        D:5 |     486 |      30 |   5.8 |      13 |      12 |  48.0
        D:6 |     290 |     173 |  37.4 |      18 |       2 |  10.0
        D:7 |      82 |     322 |  79.7 |       3 |       3 |  50.0
            +---------+---------+-------+---------+---------+-------
